Unix NetHack Version 5.0.0-0 post-release - last build May 10 2026 23:12:36 (d1fa5d53e341ca933230fdaa984d921c805b60aa,branch:main).

Game began 2026-05-15 18:24:08, ended 2026-05-15 19:49:14.

Eymerich, chaotic male elven Priest

                                                    -------       ------------
                                                    |.(....#      |..........|
                                                    |...>.|#      |.....*...*|
                                                    |......##     |.........(|
                                                    -------##     |.........(|
                                                            0###%#..........(|
                                                            #     --------.---
                                                                         ##
                                                                         #
                                                                     #####
                                                                     #
                                                                    ##
                                                                    #
                                                                    #
                                                                  ###
                                                                 -r----
                                                                 |rr..|
                                                                 b@r..|
                                                                 ----.-
                                                                     #
Eymerich the Acolyte         St:14 Dx:13 Co:12 In:10 Wi:20 Ch:9  Chaotic
Dlvl:4  $:197 HP:0(38) Pw:28(74) AC:0  Xp:5 T:3792  Burdened

Latest messages:
 The thonged club returns to your hand!
 The rock mole bites!
 In what direction?
 The thonged club hits the rock mole.
 The thonged club returns to your hand!
 The rock mole bites!
 In what direction?
 The thonged club hits the rock mole.
 The thonged club returns to your hand!
 The rock mole bites!
 In what direction?
 The thonged club hits the rock mole.
 The thonged club returns to your hand!
 In what direction?
 The thonged club misses the rock mole.
 The thonged club returns to your hand!
 In what direction?
 You kill the rock mole!
 The thonged club returns to your hand!
 In what direction?
 The thonged club misses the wererat.
 The thonged club returns to your hand!
 In what direction?
 The thonged club hits the wererat.
 The thonged club returns to your hand!
 The wererat summons help!
 A sewer rat suddenly appears next to you!
 A rabid rat suddenly appears next to you!
 A sewer rat suddenly appears close by!
 A sewer rat suddenly appears close by!
 The wererat bites!
 In what direction?
 The thonged club misses the wererat.
 The thonged club returns to your hand!
 The rabid rat misses!
 The sewer rat bites!
 The wererat misses!
 The rabid rat misses!
 The sewer rat bites!
 The wererat bites!
 You feel feverish.
 In what direction?
 The thonged club misses the wererat.
 The thonged club returns to your hand!
 The rabid rat bites!
 The sewer rat misses!
 The wererat bites!
 You die...
 Do you want your possessions identified? [ynq] (y)
 Do you want to see your attributes? [ynq] (y)

Inventory:
 Coins    ('$')
  $ - 197 gold pieces
 Weapons  (')')
  p - 2 +0 orcish daggers
  t - a +0 aklys (tethered to right hand)
 Armor    ('[')
  j - a +2 orcish helm
  l - a +0 pair of water walking boots (being worn)
  b - a +0 robe (being worn)
  m - a blessed +1 splint mail (being worn)
 Comestibles  ('%')
  u - a carrot
  e - a clove of garlic
  g - a cram ration
  y - a fortune cookie
  f - a sprig of wolfsbane
  Q - 3 lichen corpses
 Scrolls  ('?')
  h - a scroll of confuse monster
  Y - a cursed scroll of remove curse
 Potions  ('!')
  k - a potion of gain energy
  d - 4 potions of holy water
  n - a potion of water
 Tools    ('(')
  c - a blindfold
  H - an oil lamp
 Gems/Stones  ('*')
  P - a luckstone named luckstone
  o - 15 rocks

Eymerich the Priest's attributes:

Background:
 You were an Acolyte, a level 5 elven Priest.
 You were chaotic, on a mission for Anshar
 who was opposed by Anu (lawful) and Ishtar (neutral).
 You were right-handed.
 You were in the Dungeons of Doom, on level 4.
 You entered the dungeon 3792 turns ago.
 You had 234 experience points, 86 more were needed to attain level 6.

Basics:
 You had 0 out of 38 hit points.
 You had 28 out of 74 energy points (spell power).
 Your armor class was 0.
 Your wallet contained 197 zorkmids.
 Autopickup was off.

Final Characteristics:
 Your strength was 14 (limit:18).
 Your dexterity was 13 (limit:18).
 Your constitution was 12 (limit:16).
 Your intelligence was 10 (limit:20).
 Your wisdom was 20 (limit:20).
 Your charisma was 9 (limit:18).

Final Status:
 You weren't hungry.
 You were burdened; movement was slightly slowed.
 You were wielding a club.
 You were unskilled in club and could have enhanced that.

Final Attributes:
 You were piously aligned.
 You were sleep resistant.
 You were level-drain resistant.
 You were telepathic.
 You had infravision.
 You could walk on water.
 You were guarded.
 Your spell casting was impaired by metallic armor, mitigated by your robe.
 You were a wererat.
 You were harmed by silver.
 You were lucky.
 You had extra luck.
 Bad luck did not time out for you.
 Good luck did not time out for you.
 You are dead.

Miscellaneous:
 You didn't encounter any bones levels.
 Total elapsed playing time was 1 hour, 11 minutes and 46 seconds.

Major events:
 Turn
    1: Eymerich the chaotic elven Priest entered the dungeon
 1787: attained the rank of Acolyte (level 3)
 3290: entered the Gnomish Mines
 3792: killed by a wererat

Spells:
 Name                 Level Category     Fail Retention
 healing                1   healing        0%  76%-100%
 create monster         2   clerical      12%   81%-90%

Skills:
 Fighting Skills
   bare handed combat [Unskilled]
 Weapon Skills
   club               [Unskilled]
   mace               [Basic]
   morning star       [Unskilled]
   flail              [Unskilled]
   hammer             [Unskilled]
   quarterstaff       [Unskilled]
   polearms           [Unskilled]
   spear              [Unskilled]
   trident            [Unskilled]
   lance              [Unskilled]
   bow                [Unskilled]
   sling              [Unskilled]
   crossbow           [Unskilled]
   dart               [Unskilled]
   shuriken           [Unskilled]
   boomerang          [Unskilled]
   unicorn horn       [Unskilled]
 Spellcasting Skills
   healing spells     [Unskilled]
   divination spells  [Unskilled]
   clerical spells    [Basic]

Voluntary challenges:
 Character rerolling was not enabled.
 You never genocided any monsters.
 You never polymorphed an object.
 You never changed form.
 You used no wishes.
Achievements:
 You entered a shop.
 You attained the rank of Acolyte.
 You entered the Gnomish Mines.

 The Dungeons of Doom: levels 1 to 4
    Level 1:
       Many fountains.
    Level 2:
       A fountain.
    Level 3:
       A general store, a fountain.
    Level 4: "vault" <- You were here.
       Stairs down to The Gnomish Mines.
       Final resting place for
          you, killed by a wererat.
 The Gnomish Mines:
    Level 5:


Vanquished creatures:
  a small mimic
  a rock piercer
  a rock mole
  a little dog
  3 floating eyes
  a dwarf
  2 orc zombies
  a werejackal
 an iguana
  a large kobold
  3 hobgoblins
  a giant rat
  2 cave spiders
  a yellow mold
  2 green molds
  2 gnomes
  7 geckos
 10 jackals
  3 foxes
  a kobold
  5 goblins
  3 lichens
  3 kobold zombies
  8 newts
64 creatures vanquished.

No species were genocided or became extinct.

Game over:
                       ----------
                      /          \
                     /    REST    \
                    /      IN      \
                   /     PEACE      \
                  /                  \
                  |     Eymerich     |
                  |      197 Au      |
                  |   killed by a    |
                  |     wererat      |
                  |                  |
                  |                  |
                  |       2026       |
                 *|     *  *  *      | *
        _________)/\\_//(\/(/\)/\//\/|_)_______

Goodbye Eymerich the Priest...

You died in The Dungeons of Doom on dungeon level 4 with 1324 points,
and 197 pieces of gold, after 3792 moves.
You were level 5 with a maximum of 38 hit points when you died.

